 Dungeon Crawl Stone Soup version 0.16.1-30-g34a7ffa (webtiles) character file.

28 Antunes the Chopper (level 3, -4/22 HPs)
             Began as a Gargoyle Gladiator on June 22, 2015.
             Slain by a hobgoblin
             ... wielding a +0 club
             ... led by Robin
              (5 damage)
             ... on level 2 of the Dungeon.
             The game lasted 00:02:04 (347 turns).

Antunes the Chopper (Gargoyle Gladiator)             Turns: 347, Time: 00:02:04

Health: -4/22      AC:  7    Str: 18    XL:     3   Next: 14%
Magic:  3/3        EV: 12    Int:  9    God:
Gold:   14         SH:  0    Dex: 10    Spells: 0 memorised, 2 levels left

rFire  . . .     SeeInvis .     a - +0 war axe
rCold  . . .     Clarity  .     b - +0 leather armour
rNeg   + . .     SustAb   .     (no shield)
rPois  ∞         Gourm    .     c - +0 helmet
rElec  +         Spirit   .     (no cloak)
rCorr  .         Warding  .     (no gloves)
rMut   .         Stasis   .     (no boots)
MR     .....                    (no amulet)
Stlth  +.........               (no ring)
                                (no ring)

@: not resistant to hostile enchantments, very unstealthy
A: negative energy resistance 1, electricity resistance, unbreathing,
petrification resistance, rot immunity, AC +3
a: no special abilities


You were on level 2 of the Dungeon.
You were not hungry.

You visited 1 branch of the dungeon, and saw 2 of its levels.

You collected 14 gold pieces.


Innate Abilities, Weirdness & Mutations

You are resistant to torment.
You are immune to poison.
Your stone body is very resilient (AC +3).
You resist negative energy.
You are resistant to electric shocks.
You can survive without breathing.
You are immune to petrification.
You are immune to rotting.


   Skills:
 * Level 2.5 Fighting
 + Level 3.1 Axes
 + Level 2.2 Throwing
 * Level 0.2 Armour
 + Level 2.6 Dodging
 * Level 1.0 Stealth


You had 2 spell levels left.
You didn't know any spells.

Dungeon Overview and Level Annotations

Branches:
Dungeon (2/15)

Altars:

Inventory:

Hand weapons
 a - a +0 war axe (weapon)
 e - a cursed +0 hunting sling
   (You found it on level 1 of the Dungeon)
Missiles
 d - 3 throwing nets (quivered)
Armour
 b - a +0 leather armour (worn)
 c - a +0 helmet (worn)
Magical devices
 k - a wand of slowing (27)
   (You found it on level 2 of the Dungeon)
Scrolls
 j - a scroll of remove curse {unknown}
Potions
 h - a potion of curing {unknown}
 i - 2 potions of heal wounds {unknown}
Comestibles
 f - a bread ration
 g - 4 chunks of flesh

......<..#.##
#...........#
#######...#.# ##.##.#
########.##.#########
........#.##.<........
#...############
#.########..
#.)@g.......
#.########.# #.# ...
.... ...... .......
......# ..#


You could see a hobgoblin.


Message History

Robin is almost dead.
You barely miss the goblin. The goblin barely misses you.
Robin roars a battlecry!
The goblins go into a battle-frenzy!
Robin closely misses you.
You hit Robin but do no damage.
Robin is almost dead.
You hit the goblin.
You kill the goblin!
Robin hits you but does no damage.
A goblin comes into view.
You slash Robin!
You kill Robin!
Your Axes skill increases to level 3!
You have reached level 3!
Your experience leads to an increase in your attributes!
Increase (S)trength, (I)ntelligence, or (D)exterity?
You feel clever.
You closely miss the goblin. You hit the goblin.
You kill the goblin!
Your Stealth skill increases to level 1!
The goblin misses you.
You barely miss the goblin. The goblin closely misses you.
The goblin misses you.
You barely miss the goblin. The goblin hits you but does no damage.
You closely miss the goblin. The goblin barely misses you.
You slash the goblin!
You kill the goblin!
The hobgoblin hits you.
You slash the hobgoblin!
You kill the hobgoblin!
You miss the goblin. The goblin hits you but does no damage.
You barely miss the goblin.
The goblin hits you with a dagger of freezing.
The goblin freezes you. The goblin hits you but does no damage.
You closely miss the goblin.
The goblin hits you with a dagger of freezing.
The goblin freezes you.
* * * LOW HITPOINT WARNING * * *
You barely miss the goblin.
The goblin hits you with a dagger of freezing.
* * * LOW HITPOINT WARNING * * *
The goblin freezes you.
* * * LOW HITPOINT WARNING * * *
You closely miss the goblin. The goblin barely misses you.
The goblin closely misses you.
You hit the goblin.
You kill the goblin!
You barely miss the hobgoblin. The hobgoblin hits you with a club.
You die...

Action                   || total
-------------------------++-------
Melee: War axe           ||    49

Vault maps used:
D:1:      tarquinn_simple_flora_water_f
D:2:      gammafunk_temple_overflow_statue, uniq_robin

Notes
Turn   | Place    | Note
--------------------------------------------------------------
     0 | D:1      | Antunes, the Gargoyle Gladiator, began the quest for the Orb.
     0 | D:1      | Reached XP level 1. HP: 12/12 MP: 1/1
   292 | D:1      | Reached XP level 2. HP: 18/18 MP: 2/2
   314 | D:2      | Noticed Robin
   334 | D:2      | Killed Robin
   334 | D:2      | Reached skill level 3 in Axes
   334 | D:2      | Reached XP level 3. HP: 14/22 MP: 3/3
   335 | D:2      | Reached skill level 1 in Stealth
   344 | D:2      | HP: 3/22 [goblin/dagger of freezing[Robin] (3)]
   344 | D:2      | HP: 1/22 [goblin/dagger of freezing[Robin] (2)]
   347 | D:2      | Slain by a hobgoblin

Vanquished Creatures
  Robin (D:2)
  A giant gecko (D:1)
  8 goblins (D:1 D:2)
  3 hobgoblins (D:1 D:2)
  A kobold (D:1)
  2 rats (D:1)
16 creatures vanquished.

Vault maps used:
D:1:      tarquinn_simple_flora_water_f
D:2:      gammafunk_temple_overflow_statue, uniq_robin

Table legend:
 A = Turns spent in this place as a percentage of turns spent in the entire game.
 B = Non-inter-level travel turns spent in this place as a percentage of non-inter-level travel turns spent in the entire game.
 C = Inter-level travel turns spent in this place as a percentage of turns spent in this place.
 D = Turns resting spent in this place as a percentage of non-inter-level travel turns spent in this place.
 E = Turns spent auto-exploring this place as a percentage of non-inter-level travel turns spent in this place.
 F = Non-inter-level travel turns spent in this place divided by the number of levels of this place that you've seen.
                   A       B       C       D       E      F
               +-------+-------+-------+-------+-------+----------------------
         Total | 100.0 | 100.0 |   0.0 |   1.9 |  11.1 |  54.0
       Dungeon | 100.0 | 100.0 |   0.0 |   1.9 |  11.1 |  54.0
               +-------+-------+-------+-------+-------+----------------------

Table legend:
 A = Kills in this place as a percentage of kills in entire the game.
 B = Kills by you in this place as a percentage of kills by you in the entire game.
 C = Kills by friends in this place as a percentage of kills by friends in the entire game.
 D = Other kills in this place as a percentage of other kills in the entire game.
 E = Experience gained in this place as a percentage of experience gained in the entire game.
 F = Experience gained in this place divided by the number of levels of this place that you have seen.
                   A       B       C       D       E      F
               +-------+-------+-------+-------+-------+----------------------
         Total | 100.0 | 100.0 |  -nan |  -nan | 100.0 |  20.5
       Dungeon | 100.0 | 100.0 |  -nan |  -nan | 100.0 |  20.5
               +-------+-------+-------+-------+-------+----------------------
